 Dungeon Crawl Stone Soup version 0.20-a0-984-ge8aa303 (webtiles) character file.

105 AlphabetPasta the Vexing (level 4, -5/39 HPs)
             Began as an Ogre Enchanter on Apr 10, 2017.
             Slain by a worker ant (8 damage)
             ... on level 3 of the Dungeon.
             The game lasted 00:17:30 (3701 turns).

AlphabetPasta the Vexing (Ogre Enchanter)           Turns: 3701, Time: 00:17:31

Health: -5/39      AC:  3    Str: 14    XL:     4   Next: 83%
Magic:  4/8        EV: 10    Int: 16    God:
Gold:   112        SH:  0    Dex: 10    Spells: 0/8 levels left

rFire    . . .     SeeInvis .   a - +1 dagger
rCold    . . .     Gourm    .   (no shield)
rNeg     . . .     Faith    .   b - +0 robe
rPois    .         Spirit   .   (helmet restricted)
rElec    .         Reflect  .   (no cloak)
rCorr    .         Harm     .   (gloves unavailable)
MR       .....                  (boots unavailable)
Stlth    ++........             (no amulet)
Regen    0.2/turn               (no ring)
MPRegen  0.2/turn               (no ring)

@: lethally poisoned (-5 -> -9), very slightly contaminated
A: unfitting armour, hooves 1, blink, strong 1, tough skin 1, MP-powered wands
a: Blink


You were on level 3 of the Dungeon.
You were hungry.

You visited 1 branch of the dungeon, and saw 3 of its levels.

You collected 112 gold pieces.

Inventory:

Hand Weapons
 a - a +1 dagger (weapon)
Armour
 b - a +0 robe (worn)
Wands
 i - a wand of digging (12/24)
Scrolls
 e - 2 scrolls of remove curse {unknown}
 g - a scroll of fear {unknown}
 j - a scroll of enchant weapon {unknown}
 l - 2 scrolls of teleportation
 n - a scroll of immolation {unknown}
Potions
 m - a potion of mutation
Books
 c - a book of Maledictions

   Spells                             Type                      Level
   a - Corona                         Hexes                        1
   b - Ensorcelled Hibernation        Hexes/Ice                    2
   c - Confuse                        Hexes                        3
   d - Tukima's Dance                 Hexes                        3
   e - Dazzling Spray                 Conjuration/Hexes            3
 o - a book of Minor Magic

   Spells                             Type                      Level
   a - Magic Dart                     Conjuration                  1
   b - Blink                          Translocation                2
   c - Call Imp                       Summoning                    2
   d - Slow                           Hexes                        2
   e - Conjure Flame                  Conjuration/Fire             3
   f - Mephitic Cloud                 Conjuration/Poison/Air       3
Comestibles
 d - 2 bread rations
 f - 2 royal jellies
 k - 3 meat rations


   Skills:
 + Level 0.0 Fighting
 * Level 1.3 Short Blades
 + Level 0.6 Throwing
 + Level 2.1 Dodging
 + Level 2.5 Stealth
 + Level 2.8 Spellcasting
 * Level 3.6 Hexes
 + Level 0.0 Translocations
 - Level 1.0 Ice Magic


You couldn't memorise any spells.
You knew the following spells:

 Your Spells              Type           Power        Failure   Level  Hunger
a - Corona                Hex            ##.....      6%          1    #......
b - Ensorcelled Hibernat  Hex/Ice        #.....       12%         2    ##.....
c - Confuse               Hex            ##......     14%         3    ###....
d - Blink                 Tloc           N/A          30%         2    ##.....


Dungeon Overview and Level Annotations

Branches:
Dungeon (3/15)

Altars:


Innate Abilities, Weirdness & Mutations

You are too large for most types of armour.
You have tough skin. (AC +1)
You have large cloven feet.
You can translocate small distances at will.
Your muscles are strong. (Str +2)
You expend magic power (3 MP) to strengthen your wands.


Message History

You hit the worker ant.
The worker ant is almost dead.
The worker ant closely misses you.
You hit the worker ant but do no damage.
The worker ant is almost dead.
The worker ant bites you!
* * * LOW HITPOINT WARNING * * *
You are lethally poisoned!
The worker ant poisons you!
It was a potion of mutation.
You feel extremely strange.
Your feet thicken and deform.
You feel jittery.
You feel your magical essence link to your wands.
You feel stronger.
* * * LOW HITPOINT WARNING * * *
You feel sick.
The worker ant bites you but does no damage.
You completely miss the worker ant.
The worker ant is almost dead.
The worker ant bites you!
You die...

##......## #.#
........<# #.#
..........##.#
........#.##.#
....##..#....#
... ##......#
.. ..##.....#
. #........#
####...@.#
#...a(.#
#......#
#......#
#......#
####...# ##..#
..#


You could see a worker ant.

Vanquished Creatures
  2 adders (D:2)
  An ooze (D:2)
  3 worms (D:2)
  A dart slug (D:1)
  4 leopard geckos (D:1)
  2 giant cockroaches
  8 goblins
  8 hobgoblins
  4 jackals
  9 kobolds
  A quokka (D:2)
  5 bats
  7 frilled lizards
  11 rats
66 creatures vanquished.

Vanquished Creatures (others)
  A plant (D:1)
1 creature vanquished.

Grand Total: 67 creatures vanquished

Notes
Turn   | Place    | Note
-------+----------+-------------------------------------------
     0 | D:1      | AlphabetPasta the Ogre Enchanter began the quest for the Orb.
     0 | D:1      | Reached XP level 1. HP: 16/16 MP: 3/3
   526 | D:1      | Reached skill level 3 in Hexes
   561 | D:1      | Reached XP level 2. HP: 24/24 MP: 5/5
   565 | D:1      | Learned a level 2 spell: Ensorcelled Hibernation
  1223 | D:1      | Reached XP level 3. HP: 17/31 MP: 1/6
  1530 | D:1      | Reached skill level 1 in Short Blades
  2029 | D:2      | Learned a level 2 spell: Ensorcelled Hibernation
  2033 | D:2      | Learned a level 3 spell: Confuse
  2437 | D:2      | Reached XP level 4. HP: 35/39 MP: 4/7
  2920 | D:2      | Reached skill level 1 in Ice Magic
  3215 | D:2      | Learned a level 2 spell: Blink
  3221 | D:2      | Found a faded altar of an unknown god.
  3700 | D:3      | Gained mutation: You have large cloven feet. [potion of mutation]
  3700 | D:3      | Gained mutation: You can translocate small distances at will. [potion of mutation]
  3700 | D:3      | Gained mutation: You expend magic power (3 MP) to strengthen your wands. [potion of mutation]
  3700 | D:3      | Gained mutation: Your muscles are strong. (Str +2) [potion of mutation]
  3701 | D:3      | Slain by a worker ant

Vault maps used:
D:1:      dpeg_arrival_round_c, lexackson_kobold_supper
D:2:      minmay_diamond_boxcup, chequers_ecumenical_altar_twisty
D:3:      first_bread, st_stairs_6

Skill      XL: |  1  2  3  4 |
---------------+-------------+-----
Hexes          | 3 |  3.6
Dodging        | 2 |  2.1
Short Blades   | 1 |  1.3
Ice Magic      | 1 |  1.0
Throwing       | |  0.6
Stealth        | |  2.5
Spellcasting   | |  2.8

Action                   |  1- 3 |  4- 6 || total
-------------------------+-------+-------++-------
Melee: Dagger            |   212 |   143 ||   355
 Cast: Corona            |     9 |     2 ||    11
       Ensorcelled Hiber |    11 |    16 ||    27
       Confuse           |     1 |     1 ||     2
  Use: Scroll            |     4 |       ||     4
       Potion            |       |     5 ||     5
 Stab: Sleeping          |     9 |    11 ||    20
       Confused          |       |     1 ||     1
  Eat: Chunk             |     6 |     5 ||    11
Armor: Robe              |    34 |    27 ||    61
Dodge: Dodged            |    66 |    73 ||   139
